 Dungeon Crawl Stone Soup version 0.26.1-2-gb8aa6d0cf2 (webtiles) character file.

Game seed: 4540576630018756510

95435 axecop the Archer (level 15, -14/122 HPs)
             Began as a Demonspawn Abyssal Knight on Feb 14, 2021.
             Was the Champion of Lugonu.
             Demolished by a tyrant leech (21 damage)
             ... on level 1 of the Swamp.
             The game lasted 00:40:39 (31556 turns).

axecop the Archer (Demonspawn Abyssal Knight)      Turns: 31556, Time: 00:40:40

Health: -14/122    AC: 29    Str: 21    XL:     15   Next: 66%
Magic:  21/22      EV:  8    Int: 23    God:    Lugonu [******]
Gold:   1170       SH:  5    Dex:  8    Spells: 14/14 levels left

rFire    + + +     SeeInvis .   b - +9 longbow (freeze)
rCold    . . .     Faith    .   (shield currently unavailable)
rNeg     . . .     Spirit   .   g - +2 chain mail {rPois}
rPois    +         Reflect  +   H - +2 hat
rElec    .         Harm     .   h - +0 cloak {Will+}
rCorr    +         Rampage  .   P - +1 pair of gloves
Will     ++...                  (no boots)
Stlth    ..........             q - amulet "Dyrepri" {Reflect rPois SH+5}
HPRegen  0.30/turn              M - +6 ring of strength
MPRegen  0.18/turn              T - ring of Girody {*Drain rF+++ rCorr Int+6 Dex-5}

@: about to teleport, sanguine armour
A: horns 2, demonic guardian 2, spiny 3, augmentation 1, sanguine armour 2
a: Renounce Religion, Depart the Abyss, Bend Space, Banish, Corrupt, Enter the
Abyss


You were on level 1 of the Swamp.
You worshipped Lugonu.
Lugonu was exalted by your worship.
You visited 4 branches of the dungeon, and saw 22 of its levels.
You visited the Abyss 1 time.
You also visited: Sewer, Ossuary, Bailey and Volcano.

You collected 2799 gold pieces.
You spent 1629 gold pieces at shops.

Inventory:

Hand Weapons
 a - a +2 battleaxe of distortion
 b - a +9 longbow of freezing (weapon)
 z - a +0 fustibalus
 Q - the +0 broad axe "Nury" {elec, +Rage rF+ Stlth-}
   (You bought it in a shop on level 2 of the Orcish Mines)

   Occasionally, upon striking a foe, it can discharge electrical energy and
   cause terrible harm.
   It protects you from fire.
   It lets you go berserk.
   It makes you less stealthy.
 R - a +1 broad axe of flaming
Missiles
 e - 274 arrows (quivered ammo)
 t - 48 poisoned darts
 y - 2 throwing nets
Armour
 g - a +2 chain mail of poison resistance (worn)
 h - a +0 cloak of willpower (worn)
 H - a +2 hat (worn)
 P - a +1 pair of gloves (worn)
Jewellery
 f - an uncursed amulet of the acrobat
 l - an uncursed ring of see invisible
 q - the amulet "Dyrepri" (around neck) {Reflect rPois SH+5}
   (You acquired it in a bailey)

   [amulet of reflection]

   It shields you and reflects attacks.
   It protects you from poison.
   It affects your SH (+5).
 r - an uncursed ring of fire
 F - an uncursed ring of ice
 M - a +6 ring of strength (left hand)
 O - an uncursed ring of willpower
 T - the ring of Girody (right hand) {*Drain rF+++ rCorr Int+6 Dex-5}
   (You bought it in a shop on level 2 of the Orcish Mines)

   [ring of resist corrosion]

   It affects your intelligence (+6).
   It affects your dexterity (-5).
   It renders you almost immune to fire.
   It provides partial protection from all sources of acid and corrosion.
   It causes draining when unequipped.
Wands
 v - a wand of iceblast (16)
 A - a wand of enslavement (6)
 B - a wand of random effects (23)
 G - a wand of digging (10)
 L - a wand of polymorph (15)
Scrolls
 c - 10 scrolls of magic mapping
 d - 9 scrolls of identify
 j - 7 scrolls of immolation
 m - 11 scrolls of remove curse
 n - 5 scrolls of teleportation
 u - 2 scrolls of blinking
 x - a scroll of enchant armour
 E - 7 scrolls of fog
 N - 3 scrolls of fear
Potions
 i - 2 potions of invisibility
 k - 11 potions of heal wounds
 o - 3 potions of might
 s - 2 potions of cancellation
 w - 4 potions of curing
 C - 4 potions of berserk rage
 D - 5 potions of haste
 J - 5 potions of magic
 K - 3 potions of resistance
 S - a potion of mutation
 U - 3 potions of flight
Miscellaneous
 p - a condenser vane (inert)
 I - a phantom mirror
 W - a lightning rod (4/4)


   Skills:
 + Level 12.7 Fighting
 + Level 11.2(11.5) Axes
 - Level 4.2(8.4) Maces & Flails
 * Level 14.9 Bows
 + Level 11.5 Armour
 - Level 0.8 Dodging
 - Level 9.8 Invocations


You had 14 spell levels left.
You didn't know any spells.
Your spell library contained the following spells:

 Spells                   Type           Power        Failure   Level
 Apportation              Tloc           0%           67%         1
 Foxfire                  Conj/Fire      0%           67%         1
 Magic Dart               Conj           0%           67%         1
 Shock                    Conj/Air       0%           67%         1
 Sting                    Tmut/Pois      0%           67%         1
 Blink                    Tloc           N/A          82%         2
 Call Imp                 Summ           0%           82%         2
 Ensorcelled Hibernation  Hex/Ice        0%           82%         2
 Poisonous Vapours        Pois/Air       0%           82%         2
 Searing Ray              Conj           0%           82%         2
 Slow                     Hex            0%           82%         2
 Swiftness                Air            0%           82%         2
 Conjure Flame            Conj/Fire      0%           96%         3
 Dazzling Flash           Conj/Hex       0%           96%         3
 Ignite Poison            Fire/Tmut/Pois 0%           96%         3
 Inner Flame              Hex/Fire       0%           96%         3
 Lesser Beckoning         Tloc           0%           96%         3
 Mephitic Cloud           Conj/Pois/Air  0%           96%         3
 Static Discharge         Conj/Air       0%           96%         3
 Tukima's Dance           Hex            0%           96%         3
 Airstrike                Air            0%           100%        4
 Fulminant Prism          Conj/Hex       0%           100%        4
 Iskenderun's Mystic Bla  Conj/Tloc      0%           100%        4
 Olgreb's Toxic Radiance  Pois           0%           100%        4
 Sticky Flame             Conj/Fire      0%           100%        4
 Alistair's Intoxication  Tmut/Pois      0%           100%        5
 Bolt of Magma            Conj/Fire/Erth 0%           100%        5
 Borgnjor's Vile Clutch   Necr/Erth      0%           100%        5
 Fireball                 Conj/Fire      0%           100%        5
 Iskenderun's Battlesphe  Conj           0%           100%        5
 Lightning Bolt           Conj/Air       0%           100%        5
 Silence                  Hex/Air        0%           100%        5
 Invisibility             Hex            0%           100%        6
 Iron Shot                Conj/Erth      0%           100%        6
 Shadow Creatures         Summ           N/A          100%        6
 Orb of Destruction       Conj           0%           100%        7
 Spellforged Servitor     Conj/Summ      0%           100%        7


Dungeon Overview and Level Annotations

Branches:
Dungeon (13/15)            Temple (0/1) D:6            Lair (6/6) D:10
  Swamp (1/4) Lair:3       Spider (0/4) Lair:3        Slime (0/5) Lair:6
    Orc (2/2) D:11            Elf (0/3) Orc:2         Sewer (visited)
Ossuary (visited)          Bailey (visited)         Volcano (visited)
 Vaults: D:13-14

Altars:
Ashenzari
Qazlal
Trog
The Shining One
Jiyva

Shops:
Orc:2 **((***}=

Portals:
Trove: D:11 (lose all piety)

Annotations:
D:8 3 runed translucent doors, Gadfly's ghost, novice FoFi
D:9 3 runed translucent doors, Alvadar's ghost, novice DECj
D:13 corrupted
Lair:3 3 runed translucent doors, corrupted
Lair:4 exclusion: oklob plant
Lair:5 2 transporters, Plazmod's ghost, journeyman DECj
Lair:6 2 transporters, corrupted


Innate Abilities, Weirdness & Mutations

You have a pair of horns on your head.
A demonic guardian rushes to your aid.
You are completely covered in sharp spines.
Your magical and physical power is slightly enhanced at high health.
When seriously injured, your bleeding wounds create thick armour. (AC +9)


Message History

Unknown command.
As you read the scroll of teleportation, it crumbles to dust.
You feel strangely unstable.
You feel sick.
The spriggan rider hits you but does no damage. x3
Unknown command.
You feel better.
The spriggan hits you but does no damage.
The spriggan rider hits you from afar with a +4 spear.
* * * LOW HITPOINT WARNING * * *
The spriggan rider hits you but does no damage. x2
Your ice devil hits the spriggan rider!
Your ice devil freezes the spriggan rider!
Space bends sharply around you!
You blink.
A goliath frog comes into view.
The 11-headed hydra roars!
The spriggan rider hits you from afar with a +4 spear!!
* * * LOW HITPOINT WARNING * * *
The tyrant leech is struck by your spines.
The tyrant leech bites you!!
You die...

... #..≈...≈♣♣ ♣. .. ##
#..≈...♣♣ ♣♣. . .#
#...†..♣ ≈ .§####[#
.#.....♣♣
≈.♣♣.≈≈...#..)#.(≈≈.♣ ≈
..≈.....#.?.#.(≈≈.♣
≈≈.♣...≈.4.###...≈≈.♣
...≈.≈≈≈wi?§....♣.≈≈♣
...F≈..@.♣.....♣..?..♣
++##.≈.3≈iti[♣♣♣♣♣♣.≈≈♣
.D.##≈.≈≈≈§..♣ ♣..≈♣ .
#≈...≈≈≈♣♣ ♣.§≈
#≈.≈≈.≈.♣ ♣≈≈ #♣♣♣.≈≈.♣
♣♣ ♣♣≈≈♣♣ ≈♣♣


You could see a 11-headed hydra, a tyrant leech, 3 spriggan riders, a ghost
crab, a goliath frog, a friendly ice devil (summoned) and a friendly smoke demon
(summoned).

Vanquished Creatures
  Rupert (Lair:3)
  Gastronok (D:11)
  An orc warlord (Orc:2)
  A dire elephant (Lair:6)
  A bunyip (Swamp:1)
  Harold (Lair:2)
  A vault guard (D:11)
  A boulder beetle (Lair:3)
  5 hydras
  3 catoblepae (Lair:6)
  A centaur warrior (D:9)
  2 ogre magi (Orc:2)
  11 two-headed ogres
  9 death yaks (Lair:6)
  Urug (D:11)
  A spriggan (Swamp:1)
  A hell knight (Volcano)
  A fire crab (Lair:6)
  2 goliath frogs (Swamp:1)
  A deep troll (Orc:2)
  2 bog bodies (Swamp:1)
  An unseen horror (D:11)
  Pikel (D:6)
  3 salamanders (Volcano)
  A cyclops (Orc:2)
  3 elephants (Lair:4)
  A manticore (Lair:6)
  An orc sorcerer (Orc:1)
  2 black mambas
  Maurice (D:12)
  2 molten gargoyles (Volcano)
  2 gargoyles
  A torpor snail (Lair:4)
  A rime drake (Lair:5)
  7 cane toads
  10 komodo dragons
  A tyrant leech (Swamp:1)
  8 trolls
  A polar bear (Lair:4)
  3 hornets
  4 blink frogs (Lair:5)
  11 dream sheep (Lair:6)
  A vampire (D:12)
  A shadow (D:11)
  2 wraiths
  4 wyverns
  A hog (D:12)
  2 fire bats (Volcano)
  50 yaks
  5 vampire mosquitoes
  6 basilisks
  A swamp worm (Swamp:1)
  A two-headed ogre zombie (D:11)
  5 wargs
  A hell hound (D:13)
  22 water moccasins
  4 ice beasts
  3 black bears
  20 orc warriors
  5 sky beasts
  An ice beast (shapeshifter) (D:13)
  23 ogres
  6 phantoms
  15 wolves
  7 centaurs
  2 big kobolds
  An elf zombie (Ossuary)
  A wyvern zombie (D:11)
  15 bullfrogs
  A gnoll sergeant (D:10)
  5 scorpions
  22 killer bees
  5 electric eels
  A howler monkey (D:8)
  A crimson imp (D:7)
  5 lava snakes
  9 hounds
  11 orc wizards
  3 bullfrog zombies
  4 jellies
  10 orc priests
  A bullfrog skeleton (D:7)
  3 centaur skeletons
  5 hell rats (Lair:5)
  21 iguanas
  16 worker ants
  2 big kobold zombies (Ossuary)
  7 ogre zombies (D:11)
  2 mummies (Ossuary)
  2 worker ant zombies
  6 gnolls
  17 adders
  2 river rats (Sewer)
  3 shadow imps (D:5)
  2 white imps
  3 ufetubi
  An adder zombie (Ossuary)
  2 adder skeletons
  2 worms
  13 leopard geckos
  68 orcs
  6 bats
  8 giant cockroaches
  12 goblins
  10 hobgoblins
  11 jackals
  25 kobolds
  10 quokkas
  11 ball pythons
  7 frilled lizards
  3 goblin skeletons (D:11)
  9 goblin zombies
  12 hobgoblin zombies
  3 jackal zombies (Ossuary)
  A kobold skeleton (D:7)
  14 kobold zombies (Ossuary)
  A leopard gecko skeleton (D:4)
  An orc skeleton (D:11)
  20 orc zombies
  32 rats
  A rat zombie (Ossuary)
770 creatures vanquished.

Vanquished Creatures (collateral kills)
  Kirke (D:12)
  An orc warlord (Orc:2)
  Snorg (D:11)
  6 death yaks (Lair:6)
  A salamander mystic (Volcano)
  A manticore (Lair:6)
  An ugly thing (D:13)
  2 cyclopes
  An elephant (Lair:4)
  A salamander (Volcano)
  A komodo dragon (Lair:2)
  A troll (Orc:2)
  A hornet (Swamp:1)
  2 dream sheep (Lair:6)
  A spriggan (Swamp:1)
  A hog (D:12)
  6 yaks
  A vampire mosquito (D:13)
  A water moccasin (D:10)
  2 orc warriors (Orc:2)
  A necrophage (D:11)
  A wolf (Lair:2)
  3 ogres
  A bullfrog (Sewer)
  A killer bee (D:9)
  An orc priest (D:3)
  3 frilled lizards
  A hobgoblin zombie (Ossuary)
  5 kobolds
50 creatures vanquished.

Vanquished Creatures (others)
  An orc warlord (Bailey)
  Azrael (D:13)
  The ghost of dickylongcocking the Hand of Fortune, a journeyman DsGl of Nemelex Xobeh (Lair:6)
  The ghost of om the Protected, a journeyman MiBe of Trog (Lair:3)
  A hydra (Lair:3)
  A centaur warrior (D:13)
  An anaconda (Lair:6)
  A two-headed ogre (D:13)
  An alligator (Lair:6)
  An ugly thing (D:13)
  A cyclops (D:13)
  2 moths of wrath (Lair:6)
  A centaur skeleton (D:13)
  A komodo dragon (Lair:6)
  A blink frog (Lair:6)
  A shadow (D:13)
  2 fire elementals (D:13)
  2 water moccasins (Lair:6)
  2 hell hounds (D:13)
  An orc wizard (Orc:1)
  2 hobgoblins (Bailey)
  A kobold (Bailey)
  A bush (Lair:6)
  41 fungi
  70 plants
  7 starspawn tentacles
146 creatures vanquished.

Grand Total: 966 creatures vanquished

Notes
Turn   | Place    | Note
-------+----------+-------------------------------------------
     0 | Abyss:1  | axecop the Demonspawn Abyssal Knight began the quest for
                  | the Orb.
     0 | Abyss:1  | Reached XP level 1. HP: 18/18 MP: 2/2
    76 | Abyss:1  | Found a corrupted altar of Lugonu.
    79 | Abyss:1  | Noticed a chaos spawn
   116 | Abyss:1  | Noticed a smoke demon
   132 | D:1      | Escaped the Abyss
   466 | D:1      | Gained mutation: You are partially covered in sharp spines.
                  | [demonic ancestry]
   466 | D:1      | Reached XP level 2. HP: 14/24 MP: 4/4
   715 | D:1      | Reached * piety under Lugonu
  1483 | D:2      | Gained mutation: A weak demonic guardian rushes to your
                  | aid. [demonic ancestry]
  1483 | D:2      | Reached XP level 3. HP: 27/29 MP: 5/5
  1503 | D:2      | Found a broken altar of Ashenzari.
  2172 | D:2      | Found a faded altar of an unknown god.
  2182 | D:2      | Gained mutation: You are mostly covered in sharp spines.
                  | [demonic ancestry]
  2182 | D:2      | Reached XP level 4. HP: 35/35 MP: 6/6
  2185 | D:2      | Reached ** piety under Lugonu
  2860 | D:3      | Gained mutation: When seriously injured, your bleeding
                  | wounds create armour. (AC +9) [demonic ancestry]
  2860 | D:3      | Reached XP level 5. HP: 25/41 MP: 5/8
  4075 | D:4      | Found a stormy altar of Qazlal.
  4104 | D:4      | Noticed a centaur
  4108 | D:4      | Killed a centaur
  4109 | D:4      | Reached XP level 6. HP: 30/48 MP: 7/9
  4813 | D:5      | Entered Level 5 of the Dungeon
  4891 | D:5      | Found a sand-covered staircase.
  4899 | Ossuary  | Entered an ossuary
  5047 | Ossuary  | Reached *** piety under Lugonu
  5318 | Ossuary  | Reached skill level 5 in Invocations
  5330 | Ossuary  | Reached skill level 1 in Axes
  5330 | Ossuary  | Reached XP level 7. HP: 38/55 MP: 10/10
  5733 | D:5      | Got a heavily jewelled robe
  5744 | D:5      | Identified the +2 robe of the Vaults {rF++ Dex+4} (You
                  | found it on level 5 of the Dungeon)
  6097 | D:6      | Found a glowing drain.
  6114 | Sewer    | Entered a sewer
  6185 | Sewer    | Reached **** piety under Lugonu
  6343 | Sewer    | Reached skill level 5 in Fighting
  6525 | D:6      | Reached XP level 8. HP: 43/62 MP: 12/12
  6780 | D:6      | Found a staircase to the Ecumenical Temple.
  6999 | D:6      | Noticed Pikel
  7009 | D:6      | Killed Pikel
  7010 | D:6      | Reached skill level 5 in Armour
  7018 | D:6      | Gained mutation: You have a pair of small horns on your
                  | head. [demonic ancestry]
  7018 | D:6      | Reached XP level 9. HP: 61/70 MP: 14/14
  7590 | D:7      | Found a glowing golden altar of the Shining One.
  7606 | D:7      | Reached ***** piety under Lugonu
  7668 | D:7      | Found a flagged portal.
  7739 | Bailey   | Entered a bailey
  7747 | Bailey   | Noticed an orc warlord
  7804 | Bailey   | Found a runed translucent gate.
  7804 | Bailey   | Found a runed translucent gate.
  7837 | Bailey   | Found a runed translucent gate.
  8173 | Bailey   | Corrupted Bailey
  8173 | Bailey   | Noticed a reaper
  8173 | Bailey   | Noticed a starcursed mass
  8173 | Bailey   | Noticed a green draconian
  8173 | Bailey   | Noticed a spatial maelstrom
  8173 | Bailey   | Noticed a rakshasa
  8174 | Bailey   | Noticed a hellwing
  8174 | Bailey   | Noticed a rust devil
  8177 | Bailey   | Killed an orc warlord
  8178 | Bailey   | Noticed a white very ugly thing
  8180 | Bailey   | Noticed a smoke demon
  8183 | Bailey   | Noticed a hell knight
  8183 | Bailey   | Noticed a glowing orange brain
  8183 | Bailey   | Noticed a starcursed mass
  8183 | Bailey   | Noticed a thrashing horror
  8184 | Bailey   | Noticed a bone dragon
  8184 | Bailey   | Noticed a large abomination
  8184 | Bailey   | Noticed a blizzard demon
  8185 | Bailey   | Noticed a hellwing
  8185 | Bailey   | Noticed a bone dragon
  8189 | Bailey   | Noticed a starcursed mass
  8190 | Bailey   | Noticed an orange demon
  8190 | Bailey   | Noticed a starcursed mass
  8190 | Bailey   | Noticed an eidolon
  8191 | Bailey   | Noticed a necromancer
  8193 | Bailey   | Noticed an orange demon
  8193 | Bailey   | Noticed a revenant
  8195 | Bailey   | Noticed a white draconian
  8197 | Bailey   | Noticed a guardian serpent
  8217 | Bailey   | Noticed a large abomination
  8700 | Bailey   | Identified a scroll of acquirement
  8971 | D:7      | Got a shadowed robe
  8982 | D:7      | Identified the +1 robe of Pragmatism {rPois Str+4} (You
                  | found it on level 7 of the Dungeon)
  9517 | D:8      | Noticed a two-headed ogre
  9526 | D:8      | Reached skill level 5 in Axes
  9532 | D:8      | Killed a two-headed ogre
  9859 | D:8      | Gained mutation: You are completely covered in sharp
                  | spines. [demonic ancestry]
  9859 | D:8      | Reached XP level 10. HP: 42/79 MP: 17/17
 10303 | D:8      | Reached skill level 1 in Bows
 10719 | D:8      | Found a runed translucent gate.
 10720 | D:8      | Found a runed translucent gate.
 10721 | D:8      | Found a runed translucent gate.
 10727 | D:8      | Noticed Gadfly's ghost (novice FoFi)
 11107 | D:9      | Reached skill level 2 in Bows
 11852 | D:9      | Noticed a centaur warrior
 11854 | D:9      | Killed a centaur warrior
 11855 | D:9      | Reached skill level 3 in Bows
 11901 | D:8      | Reached skill level 4 in Bows
 12649 | D:9      | Noticed a two-headed ogre
 12657 | D:9      | Killed a two-headed ogre
 12658 | D:9      | Gained mutation: You have a pair of horns on your head.
                  | [demonic ancestry]
 12658 | D:9      | Reached XP level 11. HP: 79/87 MP: 18/18
 12816 | D:9      | Reached skill level 5 in Bows
 13514 | D:9      | Found a runed translucent gate.
 13514 | D:9      | Found a runed translucent gate.
 13517 | D:9      | Found a runed translucent gate.
 13518 | D:9      | Noticed Alvadar's ghost (novice DECj)
 13643 | D:9      | Reached skill level 9 in Bows
 13643 | D:9      | Gained mutation: When seriously injured, your bleeding
                  | wounds create thick armour. (AC +9) [demonic ancestry]
 13643 | D:9      | Reached XP level 12. HP: 95/95 MP: 19/19
 14173 | D:10     | Entered Level 10 of the Dungeon
 14187 | D:10     | Reached skill level 10 in Bows
 14532 | D:10     | Found a staircase to the Lair.
 15294 | Lair:1   | Entered Level 1 of the Lair of Beasts
 15687 | Lair:1   | Noticed an eight-headed hydra
 15692 | Lair:1   | Killed an eight-headed hydra
 16525 | Lair:2   | Noticed Harold
 16535 | Lair:2   | Killed Harold
 16611 | Lair:2   | Reached skill level 11 in Bows
 16788 | Lair:2   | Reached skill level 10 in Fighting
 16788 | Lair:2   | Reached XP level 13. HP: 93/103 MP: 20/20
 17416 | Lair:2   | Reached ****** piety under Lugonu
 17703 | Lair:3   | Found a runed translucent gate.
 17704 | Lair:3   | Found a runed translucent gate.
 17705 | Lair:3   | Found a runed translucent gate.
 17709 | Lair:3   | Noticed om's ghost (journeyman MiBe)
 17779 | Lair:3   | Found a staircase to the Swamp.
 18037 | Lair:3   | Found a hole to the Spider Nest.
 18730 | Lair:3   | Noticed Rupert
 18752 | Lair:3   | Killed Rupert
 19165 | Lair:3   | Corrupted Lair:3
 19165 | Lair:3   | Noticed a reaper
 19165 | Lair:3   | Noticed a tentacled starspawn
 19165 | Lair:3   | Noticed a balrug
 19165 | Lair:3   | Noticed a lich
 19169 | Lair:3   | Killed om's ghost
 19220 | Lair:3   | Noticed a cacodemon
 19253 | Lair:3   | Got a masterwork long sword
 19279 | Lair:3   | Identified the +10 long sword "Qiotu" {elec, rElec Will+}
                  | (You found it on level 3 of the Lair of Beasts)
 19820 | Lair:4   | Reached skill level 12 in Bows
 21051 | Lair:5   | Found a transporter.
 21052 | Lair:5   | Found a transporter.
 21068 | Lair:5   | Identified the cursed +3 demon trident of Rire {antimagic,
                  | *Rage rPois Will++}
 21069 | Lair:5   | Noticed Plazmod's ghost (journeyman DECj)
 21348 | Lair:5   | Found a bloodstained altar of Trog.
 21837 | Lair:6   | Entered Level 6 of the Lair of Beasts
 21847 | Lair:6   | Found a staircase to the Slime Pits.
 21848 | Lair:6   | Found a viscous altar of Jiyva.
 22687 | Lair:6   | Reached skill level 10 in Armour
 22687 | Lair:6   | Gained mutation: A demonic guardian rushes to your aid.
                  | [demonic ancestry]
 22687 | Lair:6   | Reached XP level 14. HP: 113/113 MP: 21/21
 22699 | Lair:6   | Found a transporter.
 22710 | Lair:6   | Found a transporter.
 23027 | Lair:6   | Noticed dickylongcocking's ghost (journeyman DsGl)
 23066 | Lair:6   | Reached skill level 13 in Bows
 23073 | Lair:6   | Corrupted Lair:6
 23073 | Lair:6   | Noticed a lich
 23073 | Lair:6   | Noticed a starcursed mass
 23073 | Lair:6   | Noticed a starcursed mass
 23074 | Lair:6   | Noticed a tentacled starspawn
 23076 | Lair:6   | Killed dickylongcocking's ghost
 23565 | Lair:6   | Got a twisted cloak
 23575 | Lair:6   | Identified the cursed +0 cloak "Puotwim" {rN+ Will- MP-9
                  | Dex+8} (You found it on level 6 of the Lair of Beasts)
 23985 | Lair:6   | Reached skill level 10 in Axes
 25184 | D:11     | Noticed Gastronok
 25190 | D:11     | Killed Gastronok
 25331 | D:11     | Noticed Urug
 25338 | D:11     | Killed Urug
 25441 | D:11     | Found a staircase to the Orcish Mines.
 25581 | D:11     | Noticed Snorg
 25588 | D:11     | Killed Snorg
 25750 | D:11     | Found a portal to a secret trove of treasure.
 26010 | Orc:1    | Entered Level 1 of the Orcish Mines
 26565 | D:12     | You fall into a shaft and drop 1 floor!
 26650 | D:13     | Noticed Azrael
 26654 | D:13     | Corrupted D:13
 26661 | D:13     | Killed Azrael
 27077 | D:12     | Reached skill level 14 in Bows
 27426 | D:12     | Noticed Maurice
 27441 | D:12     | Killed Maurice
 27442 | D:12     | Noticed Kirke
 27454 | D:12     | Killed Kirke
 27455 | D:12     | Gained mutation: Your magical and physical power is
                  | slightly enhanced at high health. [demonic ancestry]
 27455 | D:12     | Reached XP level 15. HP: 67/120 MP: 22/22
 27722 | D:11     | Identified a +2 battleaxe of distortion (a +0 battleaxe of
                  | freezing corrupted by Lugonu)
 27722 | D:11     | Received a gift from Lugonu
 28009 | Orc:2    | Entered Level 2 of the Orcish Mines
 28049 | Orc:2    | Found a dark tunnel.
 28066 | Volcano  | Entered a volcano
 28383 | Volcano  | Found a bloodstained altar of Trog.
 28701 | Orc:2    | Noticed an orc warlord
 28717 | Orc:2    | Killed an orc warlord
 29174 | Orc:2    | Found Paliff's General Store.
 29531 | Orc:2    | Found Ibroqoem's Gadget Shop.
 29558 | Orc:2    | Found Jowaa's Assorted Antiques.
 29562 | Orc:2    | Found a staircase to the Elven Halls.
 29612 | Orc:2    | Found Dello's Jewellery Emporium.
 29804 | Orc:2    | Bought a runed cloak for 285 gold pieces
 29889 | Orc:2    | Found Dehux's Weapon Shoppe.
 29895 | Orc:2    | Found Uzul's General Store.
 29996 | Orc:2    | Found Piarph's General Store.
 29997 | Orc:2    | Found Ceiganukk's Antique Weapon Emporium.
 30015 | Orc:2    | Noticed an orc warlord
 30031 | Orc:2    | Killed an orc warlord
 30157 | Orc:2    | Bought a faintly glowing broad axe for 288 gold pieces
 30157 | Orc:2    | Identified the cursed +0 broad axe "Nury" {elec, +Rage rF+
                  | Stlth-} (You bought it in a shop on level 2 of the Orcish
                  | Mines)
 30199 | Orc:2    | Bought a scroll of enchant weapon for 120 gold pieces
 30199 | Orc:2    | Bought the ring of Girody {*Drain rF+++ rCorr Int+6 Dex-5}
                  | for 936 gold pieces
 30218 | Orc:2    | Found Ceusy's General Store.
 30727 | Orc:2    | Acquired the amulet "Dyrepri" {Reflect rPois SH+5}
 31275 | Swamp:1  | Entered Level 1 of the Swamp
 31556 | Swamp:1  | Found a runed translucent gate.
 31556 | Swamp:1  | Found a runed translucent gate.
 31556 | Swamp:1  | Demolished by a tyrant leech

Illustrated notes

Levels and vault maps discovered:
D:1:      amcnicky_arrival_wind_blow, layout_basic
D:2:      layout_basic, lemuel_round_altar, chequers_ecumenical_altar_simple
D:3:      layout_basic
D:4:      layout_cave_pools, lemuel_tele_altar
D:5:      layout_gridville, lightli_ossuary_entry_decrepit_ruins
D:6:      layout_basic, minmay_temple_entry_junction_2,
          cheibrodos_sewer_entry_drain, kennysheep_crisscross, uniq_pikel
D:7:      layout_loops_ring, enter_bailey_2, nicolae_tso_besieged_by_evil
D:8:      layout_loops_ring, gammafunk_ghost_nasty_kobolds
D:9:      layout_long_grid, gammafunk_ghost_spectres
D:10:     layout_loops_ring, minmay_lair_entry_grove
D:11:     layout_basic, zombieorc2_lemuel, enter_trove_5, uniq_snorg,
          uniq_gastronok, uniq_urug
D:12:     layout_basic, kennysheep_boxes, uniq_maurice, uniq_kirke
D:13:     layout_irregular_city, uniq_azrael
Lair:1:   layout_small_grid
Lair:2:   lemuel_reptile_caves, layout_big_grid, uniq_harold
Lair:3:   layout_cellular_growth, minmay_swamp_entry_eels,
          nicolae_spider_entry_non_spiders, gammafunk_ghost_hydra_chop,
          uniq_rupert
Lair:4:   layout_gridlike, beast_lair_carwin_7, minmay_lair_oklob_chamber
Lair:5:   statuecave_lemuel, layout_layer_cave,
          gammafunk_ghost_wrathful_warriors
Lair:6:   evilmike_catoblepas_cave, layout_regular_city, slime_altar_1,
          gammafunk_ghost_berserking_beasts, infiniplex_staircase_pool,
          lemuel_fruit_tree
Swamp:1:  layout_falls_marsh, gammafunk_ghost_hydra_chop,
          evilmike_swamp_ruin_house_5
Orc:1:    layout_caves
Orc:2:    st_orc_open, layout_caves, serial_shops, shop, shop, shop,
          nicolae_shop_temple_entry_statues_fountains, shop, enter_volcano_4,
          guppyfry_library_mini

Skill      XL: |  1  2  3  4  5  6  7  8  9 10 11 12 13 14 15 |
---------------+----------------------------------------------+-----
Maces & Flails | 2 3 4 |  4.2
Invocations    | 3 4 5 6 7 9 |  9.8
Armour         | 2 3 4 5 6 7 8 10 11 | 11.5
Fighting       | 4 5 6 7 8 9 10 11 12 | 12.7
Axes           | 1 2 4 5 6 7 8 9 10 11 | 11.2
Bows           | 4 9 11 12 14 | 14.9
Dodging        | |  0.8

Action                   |  1- 3 |  4- 6 |  7- 9 | 10-12 | 13-15 || total
-------------------------+-------+-------+-------+-------+-------++-------
Melee: Whip              |    93 |    89 |     5 |       |       ||   187
       Mace              |     6 |       |       |       |       ||     6
       Hand axe          |       |    75 |   176 |   276 |   293 ||   820
       Headbutt          |       |       |    25 |    60 |    79 ||   164
       Longbow           |       |       |       |       |     2 ||     2
       Battleaxe         |       |       |       |       |    50 ||    50
 Fire: Longbow           |       |       |       |   108 |   582 ||   690
Throw: Dart              |       |     2 |       |     1 |       ||     3
       Throwing net      |       |       |       |       |     2 ||     2
Invok: Depart the Abyss  |     1 |       |       |       |       ||     1
       Bend Space        |       |     4 |    17 |     9 |    28 ||    58
       Banish            |       |       |     1 |     1 |     3 ||     5
       Corrupt           |       |       |     1 |       |     3 ||     4
       Brand Weapon With |       |       |       |       |     1 ||     1
Evoke: Wand              |       |       |     3 |     3 |     3 ||     9
       Condenser vane    |       |       |     1 |       |     3 ||     4
       Lightning rod     |       |       |       |       |     4 ||     4
  Use: Scroll            |     1 |    14 |     6 |    11 |    15 ||    47
       Potion            |       |     2 |    10 |     1 |     6 ||    19
 Stab: Distracted        |       |       |     1 |       |     4 ||     5
       Sleeping          |       |       |     1 |       |       ||     1
       Paralysed         |       |       |       |     5 |       ||     5
Armor: Leather armour    |    19 |    10 |       |       |       ||    29
       Ring mail         |       |    15 |     1 |       |       ||    16
       Robe              |       |       |    36 |    41 |       ||    77
       Chain mail        |       |       |       |    59 |   261 ||   320
Dodge: Dodged            |    69 |    80 |   168 |   161 |   248 ||   726
Block: Other             |       |       |       |       |     9 ||     9
       Reflection        |       |       |       |       |     1 ||     1
